cohdb
Replays
Latest Replays
All Replays
Popular Replays
Top Player Replays
Match Explorer
How It Works
Community
CoH3 Stats
Reddit
Sign in to upload your games and track your stats! →
Sign in with Steam
Match 41150447
Unlisted
Match 41150447
Overview
Messages
Build Orders
End
Royal Engineer Section
Construct Section Command Post
Selects Canadian Shock Battlegroup
Infantry Section
Infantry Section
Vickers Machine Gun Team
Construct Platoon Command Post
Grenade Package
Selects Attacking Spirit
Selects Canadian Shock Section
Humber Armored Car
Selects Incendiary Munitions
Canadian Shock Section
Construct Field Infirmary
Infantry Training
Construct Company Command Post
Selects Pyrotechnics
Crusader II Medium Tank
Crusader II Medium Tank
Bootyquake
Krautkocher
0
0
Comments
sign in to comment!
No comments posted yet!